Map: Port Aleksander LE

Players

Odin - Winner!

  • Race: Protoss Protoss
  • League: Platinum
  • Spawn Location: 11:00

VOD

Have the link to the VOD?

Description

Time

  • Played on: Dec. 21, 2018, 9:34 a.m.
  • Length: 24:41
Show
View Real Time Build Order
Export as new Build Order

Odin Protoss - Winner!

Build Orders:  

Get SALT Encoding   

  12  0:06  Probe (Chrono Boost)  
  13  0:22  Pylon  
  13  0:28  Probe (Chrono Boost)  
  13  0:38  Assimilator  
  14  0:43  Probe (Chrono Boost)  
  15  0:53  Assimilator  
  15  0:59  Probe (Chrono Boost)  
  16  1:15  Probe (Chrono Boost)  
  17  1:26  Probe (Chrono Boost)  
  18  1:37  Probe (Chrono Boost)  
  18  1:39  Assimilator  
  19  1:52  Probe (Chrono Boost)  
  20  2:04  Gateway  
  20  2:09  Probe (Chrono Boost)  
  21  2:26  Probe (Chrono Boost)  
  22  2:43  Probe (Chrono Boost)  
  23  2:56  Gateway  
  23  3:02  Pylon  
  23  3:23  Probe (Chrono Boost), Cybernetics Core  
  24  3:38  Probe (Chrono Boost)  
  25  3:55  Probe (Chrono Boost)  
  26  4:13  Nexus  
  26  4:25  Twilight Council  
  31  4:50  Probe (Chrono Boost)  
  31  4:55  Pylon  
  31  5:20  Unknown  
  31  5:21  Unknown  
  31  5:23  Probe (Chrono Boost)  
  31  5:28  Unknown x2  
  37  5:40  Probe (Chrono Boost)  
  37  5:43  Warp Gate  
  37  5:44  Unknown x2  
  37  5:57  Probe (Chrono Boost)  
  38  6:01  Unknown x2  
  38  6:03  Unknown x2  
  38  6:14  Probe (Chrono Boost)  
  36  6:31  Probe (Chrono Boost)  
  36  6:32  Gateway  
  36  6:33  Probe (Chrono Boost)  
  36  6:35  Gateway  
  36  6:38  Gateway  
  37  6:42  Gateway  
  37  6:44  Probe (Chrono Boost)  
  37  6:45  Shield Battery  
  37  6:48  Probe (Chrono Boost)  
  39  6:58  Probe (Chrono Boost)  
  40  7:02  Templar Archives  
  40  7:04  Probe (Chrono Boost)  
  41  7:13  Assimilator  
  41  7:20  Assimilator  
  41  7:22  Probe (Chrono Boost), Unknown  
  41  7:25  Probe (Chrono Boost)  
  43  7:36  Adept x2  
  47  7:53  Psionic Storm  
  47  7:59  High Templar x2  
  51  8:00  High Templar  
  51  8:07  Pylon  
  51  8:09  Pylon  
  53  8:11  Pylon  
  53  8:14  Probe (Chrono Boost)  
  54  8:22  Pylon  
  54  8:24  Pylon  
  54  8:34  High Templar  
  54  8:35  Probe (Chrono Boost)  
  54  8:36  Adept x2  
  61  8:55  Adept x2  
  61  8:56  Adept  
  67  9:05  Adept  
  71  9:22  Probe x2 (Chrono Boost)  
  71  9:35  Pylon  
  71  9:38  Pylon  
  71  9:39  Probe (Chrono Boost)  
  72  9:51  Robotics Facility  
  72  9:53  Robotics Facility  
  72  10:08  Nexus  
  66  10:11  Assimilator  
  66  10:15  Stalker x4  
  66  10:16  Assimilator  
  74  10:21  Pylon  
  74  10:25  Pylon  
  74  10:34  Probe x2 (Chrono Boost)  
  78  10:51  Probe x2 (Chrono Boost)  
  78  10:56  Stalker x4  
  86  11:08  Probe x2 (Chrono Boost)  
  88  11:17  Forge  
  88  11:20  Forge  
  88  11:25  Probe x2 (Chrono Boost)  
  90  11:33  Adept  
  90  11:34  Adept x2  
  90  11:36  Adept  
  99  11:42  Probe (Chrono Boost)  
  99  11:51  Warp Prism  
  99  11:52  Observer  
  102  12:00  Charge  
  102  12:02  Unknown x11  
  102  12:04  Adept x3  
  102  12:05  Adept  
  110  12:11  Unknown x4  
  113  12:21  Probe x2 (Chrono Boost)  
  113  12:22  Probe (Chrono Boost)  
  113  12:28  Pylon  
  113  12:33  High Templar x2  
  113  12:34  High Templar x2  
  113  12:38  Probe x2 (Chrono Boost)  
  113  12:39  Probe (Chrono Boost)  
  124  12:41  Unknown x15  
  124  12:55  Probe x2 (Chrono Boost)  
  124  12:59  Unknown x11  
  110  13:11  Probe (Chrono Boost)  
  110  13:12  Probe (Chrono Boost)  
  112  13:30  Adept x5  
  112  13:31  Adept  
  112  13:37  Protoss Ground Armor Level 1  
  112  13:38  Protoss Ground Weapons Level 1  
  124  14:09  Nexus, Adept x2  
  128  14:10  Adept x4  
  128  14:12  Assimilator  
  128  14:13  Assimilator  
  128  14:15  Pylon  
  128  14:19  Pylon  
  136  14:22  Unknown x19, Pylon  
  134  14:43  Unknown x17  
  122  15:00  Adept x3  
  122  15:01  Adept x3  
  122  15:08  Probe x3 (Chrono Boost)  
  137  15:30  Adept x5  
  137  15:31  Adept  
  149  15:40  Gateway  
  149  15:42  Gateway  
  149  15:48  Photon Cannon  
  149  15:50  Photon Cannon  
  149  15:52  Photon Cannon  
  149  15:55  Probe (Chrono Boost)  
  149  15:56  Probe x3 (Chrono Boost)  
  153  16:03  Gateway  
  153  16:07  Gateway  
  153  16:11  Gateway  
  153  16:12  Probe x2 (Chrono Boost)  
  153  16:13  Probe x2 (Chrono Boost)  
  153  16:14  Gateway  
  153  16:16  Photon Cannon  
  157  16:20  Photon Cannon  
  157  16:22  Unknown x24  
  155  16:44  Unknown x23  
  153  17:18  Unknown x22  
  145  17:36  Immortal  
  145  17:37  Immortal  
  153  17:45  Protoss Ground Weapons Level 2, Protoss Ground Armor Level 2  
  153  17:48  Robotics Bay  
  153  17:55  Gateway  
  153  17:58  Gateway  
  153  18:00  Gateway  
  153  18:06  Gateway  
  153  18:30  Pylon  
  153  18:32  Stargate, Nexus  
  153  18:35  Stargate, Assimilator  
  153  18:40  Assimilator  
  153  18:43  Pylon  
  153  18:47  Pylon  
  153  18:50  Stalker x5  
  153  18:51  Stalker x2  
  153  18:52  Stalker x3  
  167  19:20  Unknown x15  
  167  19:39  Immortal x2  
  175  19:49  Fleet Beacon  
  175  19:53  Forge  
  175  20:35  Blink  
  175  20:53  Zealot  
  175  20:59  Zealot x11  
  199  21:06  Observer  
  184  21:20  Archon x2  
  168  21:50  Stalker x4  
  168  21:51  Stalker x2  
  168  21:52  Stalker x3  
  185  22:26  Unknown x9  
  183  23:11  High Templar x2  
  183  23:12  High Templar x2  
  183  23:13  High Templar x2  
  183  23:14  High Templar  
  183  23:15  High Templar  
  199  23:23  Archon x3  
  199  23:24  Archon  
  199  23:30  Observer  
Tags
 
Add a new tag
Caveats
  • Supply blocks, unpowered buildings, or Contaminate may cause inaccurate times.
  • Supply counts are checked every 10 seconds.